 Dungeon Crawl Stone Soup version 0.24.0-1-gfbc8707122 (webtiles) character file.

Game seed: 11751462144131708424, levelgen mode: deterministic

18451 Gumption the Dealer of Despair (level 12, 0/94 HPs)
             Began as a Human Necromancer on Oct 27, 2019.
             Was an Elder of Kikubaaqudgha.
             Slain by a catoblepas (31 damage)
             ... on level 3 of the Lair of Beasts on Oct 28, 2019.
             The game lasted 04:27:48 (21868 turns).

Gumption the Dealer of Despair (Human Necromancer) Turns: 21868, Time: 04:27:48

Health: 0/94       AC:  9    Str: 10    XL:     12   Next: 95%
Magic:  11/24      EV: 16    Int: 20    God:    Kikubaaqudgha [****..]
Gold:   289        SH:  0    Dex: 15    Spells: 3/28 levels left

rFire    + . .     SeeInvis +   w - staff of death
rCold    . . .     Gourm    .   (no shield)
rNeg     + . .     Faith    .   I - +0 troll leather armour
rPois    .         Spirit   .   x - +2 helmet {SInv}
rElec    .         Reflect  .   F - scarf {repulsion}
rCorr    .         Harm     .   W - +1 pair of gloves {archery}
MR       .....                  (no boots)
Stlth    ++........             (no amulet)
HPRegen  0.65/turn              l - ring of protection from fire
MPRegen  0.19/turn              K - +2 ring of dexterity

@: repel missiles
A: no striking features
a: Receive Corpses, Renounce Religion


You were on level 3 of the Lair of Beasts.
You worshipped Kikubaaqudgha.
Kikubaaqudgha was greatly pleased with you.
You were not hungry.

You visited 3 branches of the dungeon, and saw 16 of its levels.

You collected 1102 gold pieces.
You spent 813 gold pieces at shops.

Inventory:

Hand Weapons
 a - a +0 lajatang
 b - a +2 hunting sling of freezing
 q - a +2 quarterstaff of protection
Missiles
 f - 9 boomerangs
 i - 5 atropa-tipped darts
 m - 7 curare-tipped darts
 A - 15 javelins (quivered)
 B - 104 sling bullets
Armour
 x - a +2 helmet of see invisible (worn)
 F - a scarf of repulsion (worn)
 I - a +0 troll leather armour (worn)
 J - a +2 robe of cold resistance
 T - quicksilver dragon scales
 W - a +1 pair of gloves of archery (worn)
Magical Staves
 w - an uncursed staff of death (weapon)
 Q - an uncursed staff of cold
Jewellery
 l - a ring of protection from fire (left hand)
 K - a +2 ring of dexterity (right hand)
Wands
 d - a wand of acid (15)
 o - a wand of polymorph (3)
 v - a wand of random effects (27)
 E - a wand of flame (41)
 R - a wand of digging (6)
 V - a wand of iceblast (6)
Scrolls
 e - 3 scrolls of enchant weapon
 g - 5 scrolls of teleportation
 n - 7 scrolls of remove curse
 p - 2 scrolls of fear
 z - 5 scrolls of immolation
 O - 3 scrolls of enchant armour
 S - a scroll of blinking
Potions
 k - 3 potions of invisibility
 s - a potion of haste
 t - 2 potions of might
 u - 4 potions of heal wounds
 y - 6 potions of flight
 C - 3 potions of curing
 D - a potion of resistance
 G - 2 potions of mutation
 H - 4 potions of agility
 L - 6 potions of brilliance
 M - a potion of berserk rage
 P - a potion of magic {unknown}
 U - a potion of cancellation {unknown}
Miscellaneous
 r - a lightning rod (1/4)
 N - a phial of floods
Comestibles
 c - 22 rations


   Skills:
 + Level 8.8 Fighting
 + Level 8.5 Staves
 - Level 8.0 Dodging
 - Level 2.0 Stealth
 + Level 8.8 Spellcasting
 - Level 3.1 Hexes
 - Level 2.0 Charms
 + Level 10.6 Necromancy
 + Level 3.4 Evocations


You had 3 spell levels left.
You knew the following spells:

 Your Spells              Type           Power        Failure   Level  Hunger
a - Pain                  Necr           ####         1%          1    None
b - Animate Skeleton      Necr           N/A          1%          1    None
c - Vampiric Draining     Necr           ######....   1%          3    None
d - Animate Dead          Necr           N/A          1%          4    ###....
e - Sublimation of Blood  Necr           ######....   1%          2    None
f - Confusing Touch       Hex            ###...       3%          1    None
g - Dispel Undead         Necr           ######..     3%          5    #####..
h - Agony                 Necr           ######..     3%          5    #####..
z - Regeneration          Chrm/Necr      ######....   2%          3    None

Your spell library contained the following spells:

 Spells                   Type           Power        Failure   Level  Hunger
 Corona                   Hex            ###....      3%          1    None
 Ensorcelled Hibernation  Hex/Ice        ###...       9%          2    None
 Confuse                  Hex            ###.....     9%          3    None
 Tukima's Dance           Hex            ###.....     9%          3    None
 Apportation              Tloc           #.....       11%         1    None
 Summon Butterflies       Summ           #.......     11%         1    None
 Dazzling Spray           Conj/Hex       ###...       17%         3    None
 Gell's Gravitas          Tloc           #.........   32%         3    None
 Lesser Beckoning         Tloc           #.........   32%         3    None
 Death Channel            Necr           ######....   21%         6    ######.
 Excruciating Wounds      Chrm/Necr      ######....   22%         5    #####..
 Petrify                  Tmut/Erth      #.......     71%         4    ###....
 Metabolic Englaciation   Hex/Ice        ###.......   83%         5    #####..
 Yara's Violent Unravell  Hex/Tmut       ###.......   83%         5    #####..
 Alistair's Intoxication  Tmut/Pois      #.......     96%         5    #####..
 Invisibility             Hex            ###.....     99%         6    ######.
 Haunt                    Necr/Summ      #####.....   100%        7    #######
 Borgnjor's Revivificati  Necr           ######....   100%        8    #######
 Death's Door             Chrm/Necr      ######....   100%        8    #######
 Infestation              Necr           ######....   100%        8    #######
 Necromutation            Tmut/Necr      #####.....   100%        8    #######


Dungeon Overview and Level Annotations

Branches:
Dungeon (12/15)            Temple (1/1) D:4            Lair (3/6) D:11
  Swamp (0/4) Lair:2          Orc (0/2) D:11
  Snake: Lair:2-4    Spider: Lair:2-4

Altars:
Ashenzari
Cheibriados
Dithmenos
Elyvilon
Fedhas
Gozag
Hepliaklqana
Kikubaaqudgha
Makhleb
Nemelex Xobeh
Okawaru
Qazlal
Ru
Sif Muna
Trog
Uskayaw
Vehumet
Wu Jian
Xom
Yredelemnul
Zin
The Shining One

Shops:
D:7 [   D:10 *   D:11 (

Annotations:
D:4 2 runed translucent doors
Lair:1 3 runed translucent doors, Mrkan's ghost, journeyman TrMo


Message History

Casting: Vampiric Draining (safe; 1% risk of failure)
Confirm with . or Enter, or press ? or * to list all spells.
Aiming: Vampiric Draining (safe; 1% risk of failure)
Press: ? - help, Shift-Dir - straight line, f/p - catoblepas
Aim: a catoblepas (heavily wounded)
You feel a surge of power!
The catoblepas is heavily wounded.
You feel life coursing into your body. The catoblepas closely misses you.
Your four-headed hydra skeleton bites the catoblepas but does no damage. x2
Your four-headed hydra skeleton bites the catoblepas. x2
Casting: Vampiric Draining (safe; 1% risk of failure)
Confirm with . or Enter, or press ? or * to list all spells.
Aiming: Vampiric Draining (safe; 1% risk of failure)
Press: ? - help, Shift-Dir - straight line, f/p - catoblepas
Aim: a catoblepas (severely wounded)
You feel a surge of power!
The catoblepas is severely wounded.
You feel life coursing into your body. The catoblepas gores you!!
You die...
Kikubaaqudgha rasps: "You have failed me!
Welcome... death!"

...... .#..# ... . #.... ... . ##.^.#
#.## .#### #...# #..# #.#.# #..# #..#
....### #.########## #..###
....+.###..##..##..######..#.###P
......##......ZY@#...............
..........%..%.ยงยงยงยง###.....P.#..#
.................##.##.##P.P##
....#.##.........# ######...#
.#+##.#.....PP...# ##..# #
#####.###PP### ##.## ### #P... ##...#
##.### #.#.## #+# ######...####


You could see a catoblepas and a friendly four-headed hydra skeleton.

Vanquished Creatures
  Fannar (Lair:1)
  2 hydras
  2 two-headed ogres (D:12)
  Nergalle (D:12)
  Sonja (Lair:1)
  2 cyclopes (D:11)
  A black mamba (Lair:3)
  Maurice (D:10)
  3 centaur skeletons
  Joseph (D:8)
  5 spiny frogs (Lair:2)
  A komodo dragon (Lair:2)
  A tengu conjurer (D:12)
  3 trolls
  Prince Ribbit (D:8)
  3 bog bodies (Lair:2)
  2 hippogriffs
  A shadow (D:12)
  A wraith (D:11)
  7 yaks
  A hungry ghost (D:12)
  A steam dragon (D:10)
  Grum (Lair:1)
  A water moccasin (Lair:2)
  A porcupine (Lair:1)
  6 orc warriors
  A hornet zombie (D:11)
  2 sky beasts
  5 ice beasts
  2 wolves (Lair:1)
  8 ogres
  8 centaurs
  2 crocodiles
  8 bullfrogs
  Blork the orc (D:5)
  A water moccasin zombie (D:11)
  A wyvern skeleton (D:11)
  4 scorpions
  9 killer bees
  3 electric eels (Lair:2)
  9 howler monkeys
  7 crimson imps
  6 hounds
  A jelly (D:10)
  4 orc priests
  8 orc wizards
  3 bullfrog skeletons
  Natasha (thrice) (D:2)
  6 worker ants
  A hound skeleton (D:9)
  10 adders
  4 gnolls (D:5)
  3 shadow imps
  2 adder zombies (D:5)
  An adder skeleton (D:7)
  4 dart slugs
  6 leopard geckos
  44 orcs
  10 bats
  7 giant cockroaches
  7 goblins
  8 hobgoblins
  3 jackals
  8 kobolds
  5 quokkas
  3 frilled lizards (D:2)
  2 leopard gecko skeletons
  2 quokka skeletons
  A quokka zombie (D:4)
  4 rats
  A plant (D:11)
289 creatures vanquished.

Vanquished Creatures (collateral kills)
  A gargoyle (D:12)
  A spiny frog (Lair:2)
  A bog body (Lair:2)
  A hippogriff (D:9)
  A basilisk (D:12)
  A bullfrog (D:6)
  A wight (D:4)
  A jelly (D:12)
  A centaur zombie (D:7)
  2 orc wizards
  A shadow imp (D:4)
  An adder skeleton (D:4)
  6 orcs
  3 goblins (D:2)
  2 hobgoblins (D:1)
  2 jackals
  2 kobolds (D:1)
  3 bats
  A frilled lizard (D:1)
32 creatures vanquished.

Grand Total: 321 creatures vanquished

Notes
Turn   | Place    | Note
-------+----------+-------------------------------------------
     0 | D:1      | Gumption the Human Necromancer began the quest for the Orb.
     0 | D:1      | Reached XP level 1. HP: 13/13 MP: 3/3
     7 | D:1      | Learned a level 1 spell: Animate Skeleton
   313 | D:1      | Reached XP level 2. HP: 3/19 MP: 0/5
  1183 | D:1      | Reached XP level 3. HP: 12/24 MP: 2/6
  1192 | D:1      | Learned a level 3 spell: Vampiric Draining
  1740 | D:1      | Found an iron altar of Okawaru.
  2324 | D:2      | Reached XP level 4. HP: 24/30 MP: 0/7
  2541 | D:2      | Reached skill level 5 in Necromancy
  2659 | D:2      | Noticed Natasha
  2661 | D:2      | Killed Natasha
  3166 | D:2      | Noticed Natasha
  3174 | D:2      | Killed Natasha
  3174 | D:2      | Reached XP level 5. HP: 22/35 MP: 1/9
  3301 | D:2      | Learned a level 3 spell: Regeneration
  3505 | D:2      | Noticed Natasha
  3512 | D:2      | Killed Natasha
  4221 | D:3      | Found a radiant altar of Vehumet.
  4664 | D:3      | Found a stormy altar of Qazlal.
  4776 | D:4      | Found a large runed translucent door.
  4803 | D:4      | Found a large runed translucent door.
  4853 | D:4      | Noticed an ogre
  4994 | D:4      | Reached XP level 6. HP: 40/42 MP: 6/10
  5046 | D:4      | Found a bloodstained altar of Trog.
  5137 | D:4      | Reached skill level 6 in Necromancy
  5192 | D:4      | Found a staircase to the Ecumenical Temple.
  5205 | D:4      | Reached skill level 1 in Fighting
  5207 | Temple   | Entered the Ecumenical Temple
  5294 | Temple   | Became a worshipper of Kikubaaqudgha
  5351 | D:4      | Found an ornate altar of the Wu Jian Council.
  5522 | D:4      | Noticed an ogre
  5573 | D:4      | Killed an ogre
  5573 | D:4      | Reached skill level 1 in Charms
  5591 | D:4      | Learned a level 4 spell: Animate Dead
  5709 | D:4      | Killed an ogre
  5709 | D:4      | Reached XP level 7. HP: 41/49 MP: 9/12
  5810 | D:4      | Found a large runed translucent door.
  5810 | D:4      | Found a large runed translucent door.
  6427 | D:5      | Entered Level 5 of the Dungeon
  6540 | D:5      | Reached XP level 8. HP: 16/57 MP: 1/14
  6721 | D:5      | Reached skill level 1 in Staves
  6819 | D:5      | Reached * piety under Kikubaaqudgha
  6819 | D:5      | Identified Kikubaaqudgha's Grimoire of Dark Secrets
                  | (Kikubaaqudgha gifted it to you on level 5 of the Dungeon)
  6819 | D:5      | Received a gift from Kikubaaqudgha
  6824 | D:5      | Learned a level 2 spell: Sublimation of Blood
  6866 | D:5      | Noticed Blork the orc
  6885 | D:5      | Killed Blork the orc
  7873 | D:6      | You fall into a shaft and drop 1 floor!
  7873 | D:7      | Found Nakeilao's Armour Boutique.
  7904 | D:7      | Reached skill level 7 in Necromancy
  8315 | D:6      | Found a shimmering altar of Xom.
  8346 | D:6      | Found a sacrificial altar of Ru.
  8379 | D:6      | Reached ** piety under Kikubaaqudgha
  8507 | D:6      | Reached XP level 9. HP: 60/65 MP: 12/16
  8719 | D:6      | Found a shattered altar of Ashenzari.
  8885 | D:6      | Reached skill level 5 in Spellcasting
  9479 | D:7      | Reached skill level 5 in Dodging
  9611 | D:7      | Learned a level 1 spell: Confusing Touch
 10476 | D:8      | Noticed Prince Ribbit
 10492 | D:8      | Killed Prince Ribbit
 10494 | D:8      | Reached skill level 5 in Fighting
 10631 | D:8      | Noticed Joseph
 10656 | D:8      | Killed Joseph
 10656 | D:8      | Reached skill level 8 in Necromancy
 10656 | D:8      | Reached XP level 10. HP: 39/74 MP: 0/18
 11907 | D:9      | Found a shimmering blue altar of Sif Muna.
 11924 | D:9      | Reached skill level 5 in Staves
 11969 | D:9      | Reached *** piety under Kikubaaqudgha
 11969 | D:9      | Identified Kikubaaqudgha's Reference Book on Stolen Souls
                  | (Kikubaaqudgha gifted it to you on level 9 of the Dungeon)
 11969 | D:9      | Received a gift from Kikubaaqudgha
 11977 | D:9      | Learned a level 5 spell: Dispel Undead
 12990 | D:9      | Found a bloodstained altar of Trog.
 13072 | D:9      | Found a glowing golden altar of the Shining One.
 13074 | D:9      | Found an opulent altar of Gozag.
 13078 | D:9      | Found a white marble altar of Elyvilon.
 13079 | D:9      | Found a shattered altar of Ashenzari.
 13083 | D:9      | Found a sparkling altar of Nemelex Xobeh.
 13477 | D:10     | Entered Level 10 of the Dungeon
 13538 | D:10     | Noticed Maurice
 13559 | D:10     | Killed Maurice
 14569 | D:10     | Found Beud's Assorted Antiques.
 15021 | D:11     | Reached XP level 11. HP: 81/81 MP: 3/21
 15157 | D:11     | Noticed a cyclops
 15436 | D:11     | Found a staircase to the Lair.
 15475 | D:11     | Killed a cyclops
 15475 | D:11     | Reached skill level 9 in Necromancy
 15514 | D:11     | Noticed a cyclops
 15558 | D:11     | Reached **** piety under Kikubaaqudgha
 15570 | D:11     | Killed a cyclops
 16212 | D:11     | Found a staircase to the Orcish Mines.
 16212 | D:11     | Found Cimiez's Weapon Boutique.
 16785 | D:7      | Bought quicksilver dragon scales for 720 gold pieces
 16880 | D:11     | Reached skill level 1 in Hexes
 17190 | D:12     | Noticed a white ugly thing
 17280 | D:12     | Noticed Nergalle
 17304 | D:12     | Killed Nergalle
 17555 | D:12     | Noticed a two-headed ogre
 17566 | D:12     | Killed a two-headed ogre
 17792 | D:12     | Noticed a two-headed ogre
 17808 | D:12     | Killed a two-headed ogre
 17808 | D:12     | Reached XP level 12. HP: 66/92 MP: 4/23
 17957 | D:12     | Noticed a five-headed hydra
 17985 | D:12     | Killed a five-headed hydra
 17997 | D:12     | Reached skill level 10 in Necromancy
 18007 | D:12     | Reached ***** piety under Kikubaaqudgha
 18629 | D:10     | Bought 3 scrolls labeled YLICENUKKEPP for 93 gold pieces
 18689 | Lair:1   | Entered Level 1 of the Lair of Beasts
 18881 | Lair:1   | Noticed Fannar
 18944 | Lair:1   | Killed Fannar
 18944 | Lair:1   | Reached skill level 1 in Evocations
 19034 | Lair:1   | Noticed Sonja
 19090 | Lair:1   | Killed Sonja
 19469 | Lair:1   | Noticed Mrkan's ghost (journeyman TrMo)
 19473 | Lair:1   | Noticed Grum
 19495 | Lair:1   | Killed Grum
 19648 | Lair:1   | Found a runed translucent gate.
 19648 | Lair:1   | Found a runed translucent gate.
 19648 | Lair:1   | Found a runed translucent gate.
 20341 | Lair:2   | Found a staircase to the Swamp.
 21668 | Lair:2   | Learned a level 5 spell: Agony
 21840 | Lair:3   | Noticed a four-headed hydra
 21842 | Lair:3   | Noticed a catoblepas
 21854 | Lair:3   | Killed a four-headed hydra
 21868 | Lair:3   | Slain by a catoblepas

Levels and vault maps discovered:
D:1:      erik_arrival_cave_to_civilisation [erik_arrival_cave_to_hall],
          layout_basic, st_stairs_5, okawaru_ov_weapons_minmay
D:2:      minmay_diamond_boxcup, layout_loops_cross, uniq_natasha
D:3:      layout_loops_ring, marbit_many_paths, old_standard_altar, first_ration
D:4:      layout_loops_ring, lemuel_crystal_altar, lemuel_round_altar,
          minmay_temple_entry_grid, st_stairs_13, minmay_hollow_rounded_squares
D:5:      layout_loops_ring, uniq_blork_the_orc
D:6:      layout_cave_pods, old_standard_altar, kennysheep_mini_moat,
          evilmike_ruin_ashenzari
D:7:      layout_rooms, serial_shops, shop
D:8:      layout_gridville, uniq_prince_ribbit1, uniq_joseph
D:9:      layout_basic, overflow_temple_1_default, minitemple, basic_altar
D:10:     layout_loops_corners, serial_shops, shop, uniq_maurice
D:11:     layout_cross, dpeg_oklobed_lair, orc_david_3, gauntlet_entry_generic
D:12:     layout_roguey, grunt_tengu_nest, lightli_corner_chamber, uniq_nergalle
Temple:   jpeg_temple_alley_garden
Lair:1:   layout_hall_layers, gammafunk_ghost_icy, lemuel_fruit_tree,
          uniq_sonja, uniq_grum, uniq_fannar
Lair:2:   layout_regular_city, nicolae_swamp_entry_splash_gauntlet,
          grunt_megastairs_1, infiniplex_staircase_pool, serial_bayou_shore_b
Lair:3:   layout_roguey, serial_bayou_pond_a, wad_woods_road_03, zaba_anthole

Skill      XL: |  1  2  3  4  5  6  7  8  9 10 11 12 |
---------------+-------------------------------------+-----
Necromancy     | 5 6 7 8 9 10 | 10.6
Spellcasting   | 3 4 5 6 7 8 |  8.8
Fighting       | 1 2 3 5 6 7 8 |  8.8
Charms         | 1 2 |  2.0
Dodging        | 3 4 5 7 8 |  8.0
Staves         | 2 4 5 7 8 |  8.5
Hexes          | 2 3 |  3.1
Evocations     | 3 |  3.4
Stealth        | |  2.0

Action                   |  1- 3 |  4- 6 |  7- 9 | 10-12 || total
-------------------------+-------+-------+-------+-------++-------
Melee: Unarmed           |    12 |       |       |       ||    12
       Short sword       |    48 |    19 |       |       ||    67
       Dagger            |       |     6 |       |       ||     6
       Lajatang          |       |       |    47 |   107 ||   154
       Staff             |       |       |     1 |     7 ||     8
 Fire: Hunting sling     |       |    18 |    57 |    43 ||   118
Throw: Stone             |     2 |    14 |       |       ||    16
       Dart              |       |     2 |       |       ||     2
       Boomerang         |       |       |     4 |       ||     4
       Javelin           |       |       |    15 |    44 ||    59
 Cast: Pain              |    39 |    75 |   194 |   455 ||   763
       Animate Skeleton  |    18 |    20 |    27 |    53 ||   118
       Regeneration      |       |       |     4 |     6 ||    10
       Vampiric Draining |       |       |    14 |    74 ||    88
       Dispel Undead     |       |       |       |    18 ||    18
       Confusing Touch   |       |       |       |    11 ||    11
       Sublimation of Bl |       |       |       |    14 ||    14
Evoke: Wand              |       |       |       |     8 ||     8
       Lightning rod     |       |       |       |     4 ||     4
  Use: Scroll            |       |    11 |     6 |    10 ||    27
       Potion            |       |       |     1 |     1 ||     2
 Stab: Distracted        |     1 |       |     1 |       ||     2
       Sleeping          |     1 |     4 |     1 |       ||     6
       Confused          |       |       |       |     9 ||     9
  Eat: Chunk             |     5 |    10 |    18 |    24 ||    57
       Ration            |       |       |       |     6 ||     6
Armor: Robe              |    24 |       |       |       ||    24
       Leather armour    |     1 |    10 |    32 |    60 ||   103
       Troll leather arm |       |       |       |    44 ||    44
       Quicksilver drago |       |       |       |    61 ||    61
Dodge: Dodged            |    89 |    31 |   110 |   381 ||   611
       Deflected         |     1 |       |     5 |    21 ||    27
